[Event "*** Titled Tuesday Blitz"]
[Site "Chess.com"]
[Date "2021.04.27"]
[Round "3"]
[White "Apocalyps999"]
[Black "VladDobrov"]
[Result "0-1"]
[WhiteElo "2439"]
[BlackElo "2717"]
[TimeControl "180+1"]
[EndTime "10:27:08 PDT"]
[Termination "VladDobrov won by resignation"]

1. e4 c5 2. Nf3 Nc6 3. d4 cxd4 4.
Nxd4 Qb6 5. Nb3 Nf6 6. Nc3 e6 7.
Be3 Qc7 8. Be2 a6 9. O-O b5 10. a3 Bb7 11. f4 d6 12. Bf3 Be7 13. Qe1 h5 14. Rd1 Rc8 15. Qg3 h4 16. Qxg7 Rg8 17.
Qh6 b4 18. axb4 Nxb4 19. e5 Nxc2 20. exf6 Nxe3 21. Qh7 Rg6 22. fxe7 Nxd1 23. Nxd1 Qb6+ 24. Kh1 Qxb3 25. Qh8+ Kxe7 26. Qxh4+ Kd7 27. Nc3 Qxb2 28. Ne4 Rc1 29. Ng3 Rxg3 30. hxg3 Rxf1+ 31. Kh2 Bxf3 0-1

[Event "*** Titled Tuesday Blitz"]
[Site "Chess.com"]
[Date "2021.04.27"]
[Round "3"]
[White "Gloomy_Wanderer"]
[Black "ShahMatKanal"]
[Result "1-0"]
[WhiteElo "2715"]
[BlackElo "2420"]
[TimeControl "180+1"]
[EndTime "10:27:10 PDT"]
[Termination "Gloomy_Wanderer won by checkmate"]

1. d4 d5 2. c4 e6 3. Nf3 Nf6 4. g3 Be7 5. Bg2 O-O 6. O-O c6 7.
Qc2 Nbd7 8. Nbd2 b6 9. e4 Bb7 10. e5 Ne8 11. cxd5 cxd5 12. Re1 a5 13. Bf1 Ba6 14.
h4 Qc7 15. Qd1 Bxf1 16. Nxf1 Rc8 17. Ne3 b5 18. h5 a4 19. h6 g6 20. Re2 Nb6 21. Ng4 Nc4 22. Rc2 Qb7 23. b3 Na3 24. Rxc8 Qxc8 25. Bxa3 Bxa3 26. bxa4 b4 27. Qe2 Qc3 28.
Rd1 Qc6 29. Ng5 Qxa4 30. Qf3 Qa8 31. Nf6+ Kh8 32. Ngxh7 Nxf6 33. Qxf6+ Kxh7 34. Qg7# 1-0

[Event "*** Titled Tuesday Blitz"]
[Site "Chess.com"]
[Date "2021.04.27"]
[Round "3"]
[White "ChessAdvanceUSA"]
[Black "YoreDea"]
[Result "0-1"]
[WhiteElo "2316"]
[BlackElo "2563"]
[TimeControl "180+1"]
[EndTime "10:27:10 PDT"]
[Termination "YoreDea won on time"]

1. Nc3 d5 2. d4 Nf6 3. Bg5 h6 4. Bxf6 exf6 5. e3 Be7 6. Bd3 O-O 7. Nge2 c6 8. O-O a5 9. Ng3 Na6 10. a3 Nc7 11. Nce2 g6 12. c4 Re8 13. h4 h5 14. Nf4 f5 15. Ngxh5 gxh5 16. Qxh5 Bxh4 17. g3 Bf6 18. Kg2 Bg7 19. Rh1 Qf6 20. Qh3 Re4 21.
Nh5 Qh6 22. Nxg7 Qxh3+ 23. Rxh3 Kxg7 24. Rah1 Be6 25. Rh7+ Kf6 26. R1h6+ Ke7 27. Bxe4 dxe4 28. c5 Rb8 29. Rh8 Ne8 30. Rg8 b6 31. Rhh8 bxc5 32.
dxc5 Bd7 0-1

[Event "*** Titled Tuesday Blitz"]
[Site "Chess.com"]
[Date "2021.04.27"]
[Round "3"]
[White "H3nriqueTV"]
[Black "kinga2008"]
[Result "1-0"]
[WhiteElo "2320"]
[BlackElo "2118"]
[TimeControl "180+1"]
[EndTime "10:27:15 PDT"]
[Termination "H3nriqueTV won by resignation"]

1. e4 c5 2. Nf3 Nc6 3. Nc3 e5 4.
a3 d6 5. Bc4 Nf6 6. d3 Be7 7.
Ne2 O-O 8. Ng3 Be6 9. O-O Bxc4 10. dxc4 Nd4 11. c3 Nxf3+ 12. Qxf3 Qd7 13. h3 g6 14. Bh6 Rfe8 15. Rad1 Rad8 16. Rd3 Qe6 17. Rfd1 Qxc4 18. Nf5 Qe6 19. Ng7 Qd7 20. Nxe8 Rxe8 21.
Bg5 Kg7 22. Bxf6+ Bxf6 23. Rxd6 Qe7 24. Rd7 Qf8 25. Rxb7 Re7 26. Rdd7 Rxd7 27. Rxd7 Qb8 28. b4 cxb4 29. axb4 Qc8 30. Qd3 Qc6 31. Rxa7 Bg5 32. Qd5 Qf6 33. b5 Qf4 34. Ra1 1-0

[Event "*** Titled Tuesday Blitz"]
[Site "Chess.com"]
[Date "2021.04.27"]
[Round "3"]
[White "exoticprincess"]
[Black "NicoChasin"]
[Result "1-0"]
[WhiteElo "2928"]
[BlackElo "2658"]
[TimeControl "180+1"]
[EndTime "10:27:16 PDT"]
[Termination "exoticprincess won by resignation"]

1. d4 Nf6 2. Nc3 d6 3. e4 Nbd7 4. f4 e5 5. Nf3 exd4 6. Qxd4 g6 7. e5 dxe5 8. fxe5 Nh5 9. e6 Ndf6 10. exf7+ Ke7 11.
Qxd8+ Kxd8 12. Bg5 Ke7 13. Bc4 Be6 14. Bxe6 Kxe6 15. O-O h6 16. Nd4+ Kxf7 17. Bxf6 Nxf6 18. Nd5 Bg7 19. Nxc7 Rad8 20. Nde6 Rd7 21. Rad1 Re7 22.
Rd6 Rc8 23. Nxg7 Rcxc7 24. Rfxf6+ Kxg7 25. Rxg6+ Kf8 26. Rdf6+ Ke8 27. c3 Re1+ 28. Rf1 Rce7 29. Rxh6 R1e2 30. Rf2 Re1+ 31. Rf1 R1e2 32. b4 Rxa2 33.
h4 Ree2 34. Rg6 Rac2 35. Rf3 Re4 36. h5 Rh4 37. h6 b6 38. Rg8+ Ke7 39. Rg7+ Kd6 40. h7 a5 41. Rh3 Rc1+ 42. Kh2 Rxh7 43. Rhxh7 a4 44. Rh6+ 1-0

[Event "*** Titled Tuesday Blitz"]
[Site "Chess.com"]
[Date "2021.04.27"]
[Round "3"]
[White "ErikRonka"]
[Black "ChristopherYoo"]
[Result "0-1"]
[WhiteElo "2473"]
[BlackElo "2939"]
[TimeControl "180+1"]
[EndTime "10:27:16 PDT"]
[Termination "ChristopherYoo won by resignation"]

1. d4 Nf6 2. c4 c5 3. d5 b5 4. cxb5 a6 5. f3 axb5 6. e4 Qb6 7. e5 Ng8 8. f4 d6 9. Nf3 g6 10. Nc3 b4 11. Ne4 Bg7 12. Bc4 Nh6 13. O-O O-O 14.
e6 fxe6 15. Neg5 Kh8 16. Nxe6 Bxe6 17. dxe6 Nc6 18. Qd3 Rad8 19. Bd5 c4+ 20. Qe3 Nd4 21. Kh1 Qc5 22. Qe4 Ng4 23. Ng5 Nf6 24. Qe1 Qxd5 25.
Qh4 Kg8 26. Qh3 Qf5 27. Qe3 Ng4 28. Qe1 Nc2 0-1

[Event "*** Titled Tuesday Blitz"]
[Site "Chess.com"]
[Date "2021.04.27"]
[Round "3"]
[White "FeketeBarika"]
[Black "Ind1anStar"]
[Result "0-1"]
[WhiteElo "2247"]
[BlackElo "2522"]
[TimeControl "180+1"]
[EndTime "10:27:17 PDT"]
[Termination "Ind1anStar won by resignation"]

1. Nf3 d5 2. g3 Nf6 3. Bg2 e6 4. O-O Be7 5. c4 d4 6. e3 c5 7. exd4 cxd4 8. d3 O-O 9. Bg5 Nc6 10. Re1 h6 11. Bxf6 Bxf6 12. a3 a5 13. Nbd2 e5 14.
Ne4 Bf5 15. Nxf6+ Qxf6 16. Qc2 Rfe8 17. Nd2 Bh7 18. Ne4 Qe7 19. Rab1 f5 20. Nd2 a4 21.
c5 Kh8 22. Rbc1 Qf8 23. Qc4 Bg8 24. Qb5 Na5 25. Qxa4 Nb3 26. Qb4 Nxc1 27. Rxc1 Rac8 28. Bxb7 Rc7 29. Qb6 Qe7 30. c6 Rb8 31. b4 e4 32.
dxe4 fxe4 33. Qxd4 Rbxb7 34. Nxe4 Rb8 35. Rc5 Rd8 36.
Qe3 Rd1+ 37. Kg2 Bd5 38. f3 Rxc6 39. Rxc6 Bxc6 40. Qb3 Rd8 41. Nf2 Qf6 42. b5 Bd5 43.
Qe3 Rf8 44. Ne4 Bxe4 45. Qxe4 Qb2+ 46. Kh3 Qxb5 47. Qe7 Qf5+ 0-1

[Event "*** Titled Tuesday Blitz"]
[Site "Chess.com"]
[Date "2021.04.27"]
[Round "3"]
[White "NoGalloNoParty"]
[Black "Sammed_Shete"]
[Result "0-1"]
[WhiteElo "2359"]
[BlackElo "2643"]
[TimeControl "180+1"]
[EndTime "10:27:18 PDT"]
[Termination "Sammed_Shete won by resignation"]

1. d4 Nf6 2. c4 e6 3. g3 d5 4. Bg2 dxc4 5. Nf3 c6 6. O-O Nbd7 7.
Qc2 b5 8. b3 cxb3 9. Qxc6 Rb8 10. axb3 Bb7 11. Qc2 a6 12. Nbd2 Rc8 13. Qd3 Nd5 14.
Ba3 Bxa3 15. Rxa3 Rc3 16. Qb1 O-O 17. Ne4 Rc7 18. Nd6 N7f6 19. Nxb7 Rxb7 20. e4 Nc3 21.
Qd3 Nfxe4 22. Rxa6 Rd7 23. Re1 Nc5 24. Qxc3 Nxa6 25. Qc6 Rd6 26. Qxb5 Qb8 27. Qd3 Nb4 28. Qe4 h6 29. Ne5 Nd5 30. Rb1 Nc3 0-1

[Event "*** Titled Tuesday Blitz"]
[Site "Chess.com"]
[Date "2021.04.27"]
[Round "3"]
[White "Gusarov91"]
[Black "KubaGepard"]
[Result "1-0"]
[WhiteElo "2613"]
[BlackElo "2407"]
[TimeControl "180+1"]
[EndTime "10:27:18 PDT"]
[Termination "Gusarov91 won by resignation"]

1. d4 d5 2. Nf3 Nf6 3. c4 dxc4 4. e3 e6 5. Bxc4 c5 6. O-O a6 7. a4 Nc6 8. Nc3 Be7 9. Qe2 Qc7 10. Rd1 O-O 11.
h3 b6 12. d5 exd5 13. Nxd5 Nxd5 14. Bxd5 Bb7 15. e4 Rad8 16. Be3 Bf6 17. Rac1 Qe7 18. e5 Nxe5 19. Bxb7 Qxb7 20. Nxe5 Bxe5 21. Bxc5 Rfe8 22. Rxd8 Rxd8 23. Qxe5 bxc5 24. Rxc5 h6 25. Rc7 Qb3 26. a5 Rb8 27. Ra7 Qb5 28. Qxb5 Rxb5 29. Ra8+ Kh7 30. Rxa6 Rxb2 31. Rb6 Ra2 32. a6 g5 33. g4 Kg7 34. Kg2 Ra3 35. Kf1 Rxh3 36. Rb7 Ra3 37. a7 Kg6 38. Ke2 h5 39. gxh5+ Kxh5 40. Rxf7 Kg6 41. Rb7 Kf5 42. Kd2 Kf4 43. Rf7+ Ke4 44. Kc2 Kd5 45. Kb2 Ra6 46. Kb3 Ke6 47. Rg7 Kf6 48.
Rc7 Ra1 49. Kb4 Rb1+ 50. Ka5 Ra1+ 51. Kb6 g4 52. Kb7 Rb1+ 53. Kc8 1-0

[Event "*** Titled Tuesday Blitz"]
[Site "Chess.com"]
[Date "2021.04.27"]
[Round "3"]
[White "ljuks68"]
[Black "Supernotar"]
[Result "1/2-1/2"]
[WhiteElo "2461"]
[BlackElo "2738"]
[TimeControl "180+1"]
[EndTime "10:27:19 PDT"]
[Termination "Game drawn by repetition"]

1. e4 c6 2. d4 d5 3. e5 Bf5 4. Nd2 e6 5. Nb3 Nd7 6. Nf3 h6 7. Be2 Ne7 8. O-O Bh7 9. a4 Nf5 10. a5 Be7 11. Bd2 O-O 12. g4 Nh4 13. Nxh4 Bxh4 14.
f4 Be4 15. Be3 f6 16. Nd2 f5 17. Nxe4 fxe4 18. f5 Qe7 19. Qd2 Rf7 20. fxe6 Qxe6 21. Rxf7 Qxf7 22. Rf1 Qe7 23. c4 Rf8 24. Rxf8+ Nxf8 25. Bd1 Ne6 26. cxd5 cxd5 27. Bb3 Qd7 28. h3 Bg5 29.
Bxg5 Nxg5 30. Kg2 Ne6 31. Qe3 g5 32. Kf2 Qb5 33. Qc3 Nf4 34. Qc8+ Kg7 35. Qc7+ Kg8 36. Qd8+ Kg7 37. Qf6+ Kh7 38. Qf7+ Kh8 39. Qf8+ Kh7 40. Qf7+ Kh8 41. Qf8+ Kh7 42. Qf7+ 1/2-1/2

[Event "*** Titled Tuesday Blitz"]
[Site "Chess.com"]
[Date "2021.04.27"]
[Round "3"]
[White "The_filthy"]
[Black "secretsuperstar7"]
[Result "1-0"]
[WhiteElo "2411"]
[BlackElo "2223"]
[TimeControl "180+1"]
[EndTime "10:27:19 PDT"]
[Termination "The_filthy won on time"]

1. e4 c5 2. Nf3 d6 3. d4 cxd4 4. Nxd4 Nf6 5. Nc3 Nc6 6. f3 e5 7.
Nb3 a5 8. a4 Be7 9. Bc4 O-O 10.
Be3 Be6 11. Qe2 d5 12. exd5 Nxd5 13. Nxd5 Bxd5 14. Rd1 Bxc4 15. Qxc4 Qc8 16. O-O Nb4 17.
Qxc8 Raxc8 18. Rd7 Nxc2 19. Bf2 Bb4 20. Rxb7 h6 21.
Rd1 Rfd8 22. Rdd7 Rxd7 23. Rxd7 Kf8 24. g3 Ke8 25. Rb7 Rd8 26. Rb5 Rd1+ 27. Kg2 f6 28. Nxa5 Bd2 29. Nc4 Nd4 30. Rd5 Bb4 31. a5 Ke7 32. a6 Ke6 33. Rd8 Ra1 34. Bxd4 1-0

[Event "*** Titled Tuesday Blitz"]
[Site "Chess.com"]
[Date "2021.04.27"]
[Round "3"]
[White "dodorox"]
[Black "Chernov_Alexander_A"]
[Result "0-1"]
[WhiteElo "2124"]
[BlackElo "2318"]
[TimeControl "180+1"]
[EndTime "10:27:19 PDT"]
[Termination "Chernov_Alexander_A won on time"]

1. d4 Nf6 2. c4 e6 3. Nc3 Bb4 4. Bd2 b6 5. e3 Bb7 6. Nf3 O-O 7. Rc1 d6 8. Bd3 Bxc3 9. Bxc3 Ne4 10. O-O Nd7 11.
b4 f5 12. Bb2 Rf6 13. Nd2 Rh6 14. f3 Qh4 15. fxe4 fxe4 16. Bxe4 Bxe4 17. Nxe4 Qxe4 18. Qf3 Nf6 19. Qxe4 Nxe4 20. Rf4 Nf6 21. d5 e5 22. Rf5 a5 23. a3 axb4 24. axb4 Ra4 25. Bc3 Rh4 26. c5 Rc4 27. cxd6 cxd6 28. Rff1 Nxd5 29. Bd2 b5 0-1

[Event "*** Titled Tuesday Blitz"]
[Site "Chess.com"]
[Date "2021.04.27"]
[Round "3"]
[White "SHIVACalypso"]
[Black "gmcorrales"]
[Result "0-1"]
[WhiteElo "2466"]
[BlackElo "2862"]
[TimeControl "180+1"]
[EndTime "10:27:20 PDT"]
[Termination "gmcorrales won on time"]

1. Nf3 c5 2. c4 Nc6 3. g3 g6 4.
Bg2 Bg7 5. O-O d6 6. Nc3 Bf5 7.
d3 Qd7 8. Re1 Bh3 9. Bh1 h6 10.
Rb1 Rc8 11. a3 b6 12. Nd5 g5 13. b4 e6 14. Ne3 Nge7 15. b5 Nd4 16. Nxd4 cxd4 17.
Nc2 d5 18. e3 dxc4 19. dxc4 d3 20. Nb4 Rxc4 21. Qxd3 Qxd3 22. Nxd3 O-O 23. Bb2 Rd8 24. Bxg7 Kxg7 25. Ne5 Rc2 26. Red1 Rxd1+ 27. Rxd1 Nd5 28. Bxd5 exd5 29. Nc6 a5 30. Ne7 Bg4 31. Rb1 Be6 32.
Rd1 Rc5 33. a4 Kf6 34. Ng8+ Kg7 35. Ne7 Kf8 36. Nc6 Rc4 37. Ra1 Bh3 38. f4 Rc2 39.
Rd1 Rg2+ 40. Kh1 Ra2 41. Nb8 Rxa4 42. fxg5 hxg5 43. Na6 Bg4 44. Rf1 Bh3 45. Re1 Ra2 46.
Nc7 Rd2 47. e4 dxe4 48. Rc1 a4 0-1

[Event "*** Titled Tuesday Blitz"]
[Site "Chess.com"]
[Date "2021.04.27"]
[Round "3"]
[White "Shahinyan_ChessMood"]
[Black "Warre"]
[Result "1-0"]
[WhiteElo "2805"]
[BlackElo "2461"]
[TimeControl "180+1"]
[EndTime "10:27:23 PDT"]
[Termination "Shahinyan_ChessMood won by resignation"]

1. e4 e5 2. Nf3 Nc6 3. d4 exd4 4. Nxd4 Nf6 5. Nc3 Bb4 6. Nxc6 bxc6 7. Bd3 O-O 8. O-O d5 9. Bd2 Bxc3 10. Bxc3 dxe4 11.
Bxf6 Qxf6 12. Bxe4 Qxb2 13. Bxc6 Rb8 14. Rb1 Qxb1 15.
Qxb1 Rxb1 16. Rxb1 Be6 17. Rb7 Rd8 18. h3 Bxa2 19. Rxa7 Bb1 20. c4 Bd3 21. c5 Bf5 22. Rxc7 Rc8 23. Rxc8+ Bxc8 24. Kf1 Kf8 25. Ke2 Ke7 26. Ke3 f6 27. Kd4 g5 28. Bf3 Be6 29. Bg4 Bf7 30. Bf5 h6 31. g3 Kd8 32. h4 Kc7 33. Be4 Be6 34. Bd5 Bd7 35. Ke4 Kd8 36. Bg8 Ke7 37. Kd5 f5 38. c6 Bc8 39. Kc5 f4 40. hxg5 hxg5 41. gxf4 gxf4 42. Kb6 Kd6 43. c7 Kd7 44. Bd5 1-0

[Event "*** Titled Tuesday Blitz"]
[Site "Chess.com"]
[Date "2021.04.27"]
[Round "3"]
[White "queen_iryna"]
[Black "Hypercar"]
[Result "0-1"]
[WhiteElo "2382"]
[BlackElo "2601"]
[TimeControl "180+1"]
[EndTime "10:27:25 PDT"]
[Termination "Hypercar won by resignation"]

1. e4 c5 2. Nf3 Nc6 3. Bb5 Nd4 4. Nxd4 cxd4 5. O-O a6 6. Bc4 e6 7. c3 dxc3 8. bxc3 b5 9. Bb3 Bb7 10. Re1 Nf6 11.
d3 d6 12. Bg5 Be7 13. Nd2 O-O 14. Nf3 Rc8 15. Rc1 h6 16. Bh4 a5 17. a4 b4 18.
cxb4 axb4 19. Nd4 Qb6 20. Nb5 Ba6 21. Qd2 Bxb5 22. Qxb4 Rxc1 23. Rxc1 Ng4 24. Bg3 Bg5 25. Rc2 Rb8 26. axb5 Qxb5 27. Qxb5 Rxb5 28. Rc8+ Kh7 29. h3 Nxf2 30. Kxf2 Rxb3 31. Bxd6 Rxd3 32. e5 Kg6 33. Rg8 Bf4 34. Bf8 Bxe5 35. Ke2 Rb3 36. Be7 f5 37. Kf2 Kf7 0-1

[Event "*** Titled Tuesday Blitz"]
[Site "Chess.com"]
[Date "2021.04.27"]
[Round "3"]
[White "BigAl"]
[Black "DeTimmerman"]
[Result "0-1"]
[WhiteElo "2566"]
[BlackElo "2793"]
[TimeControl "180+1"]
[EndTime "10:27:26 PDT"]
[Termination "DeTimmerman won by resignation"]

1. Nf3 Nf6 2. g3 e6 3. Bg2 d5 4. O-O Be7 5. d3 O-O 6. Nbd2 b5 7. e4 Bb7 8. exd5 Nxd5 9. a4 b4 10. Nc4 a5 11. Re1 Nd7 12. h4 c5 13. Bg5 N5b6 14. Bxe7 Qxe7 15. Nfe5 Bxg2 16. Kxg2 Nxe5 17. Nxe5 f6 18.
Nf3 e5 19. Qe2 Qd7 20. b3 Nd5 21. Nd2 Nc3 22. Qf3 Rfc8 23. Ne4 Nd5 24. Nd2 Nc7 25. Nc4 Rcb8 26. Re2 Ra6 27. Re4 Ne6 28. Kg1 Nd4 29.
Qd1 Re8 30. Nd2 f5 31. Re1 Rg6 32. Nf3 Qd5 33. Nxd4 Qxd4 34. Qf3 h5 35. Kh2 f4 36.
Rad1 Rf8 37. Re4 fxg3+ 38. Qxg3 Rxf2+ 39. Kh3 0-1

[Event "*** Titled Tuesday Blitz"]
[Site "Chess.com"]
[Date "2021.04.27"]
[Round "3"]
[White "adnan_nn"]
[Black "alejogarcia1999"]
[Result "1-0"]
[WhiteElo "2675"]
[BlackElo "2478"]
[TimeControl "180+1"]
[EndTime "10:27:26 PDT"]
[Termination "adnan_nn won by resignation"]

1. e4 c5 2. b4 cxb4 3. Bb2 e6 4. d4 d5 5. e5 Nc6 6. Nf3 f6 7. Bd3 fxe5 8. dxe5 Nh6 9. O-O g6 10. a3 Bg7 11. axb4 O-O 12. b5 Ne7 13. Nbd2 Bd7 14.
Re1 Nhf5 15. Nb3 Qc7 16. Nbd4 Nxd4 17. Bxd4 Nf5 18. c3 Nxd4 19. cxd4 Qb6 20. Qb3 Rxf3 21. gxf3 Qxd4 22. Ra4 Qc5 23. f4 Rf8 24. Qa3 Qb6 25.
Rxa7 Rxf4 26. Ra8+ Bf8 27. Qa7 Qc7 28. Qe3 Rf7 29.
Rc1 d4 30. Rxc7 dxe3 31. fxe3 b6 32. Raa7 Be8 33. Rxf7 Bxf7 34. Rb7 Bc5 35. Kf2 Kg7 36. Be4 h5 37. Rc7 g5 38. Rxc5 1-0

[Event "*** Titled Tuesday Blitz"]
[Site "Chess.com"]
[Date "2021.04.27"]
[Round "3"]
[White "RamyresCoelho"]
[Black "Romadk"]
[Result "1/2-1/2"]
[WhiteElo "2201"]
[BlackElo "2338"]
[TimeControl "180+1"]
[EndTime "10:27:27 PDT"]
[Termination "Game drawn by repetition"]

1. e4 Nf6 2. e5 Nd5 3. Nc3 Nxc3 4. dxc3 g6 5. f4 Bg7 6. Nf3 d6 7. Be3 Nc6 8. exd6 cxd6 9. Qd2 Bg4 10. O-O-O Qa5 11.
Kb1 Be6 12. a3 b5 13. Nd4 Bd7 14. Nxc6 Bxc6 15. Bd4 e5 16. fxe5 dxe5 17. Re1 O-O-O 18. Qf2 exd4 19. Qxf7 Rd7 20. Re7 Be5 21. Qe6 Qc7 22. Qxe5 Rxe7 23. Qxh8+ Kb7 24. Qxd4 Re1+ 25. Ka2 Qf7+ 26.
Bc4 Qe7 27. Rxe1 Qxe1 28. Qg7+ Kb6 29. Qd4+ Kc7 30. Qxa7+ Kd6 31. Qd4+ Kc7 32. Bb3 Qf1 33. Qg7+ Kb6 34. Qxh7 Qxg2 35. Qe7 g5 36. Qd8+ Kb7 37. Qe7+ Kb6 38. Qe3+ Kb7 39. Qe7+ Kb6 1/2-1/2

[Event "*** Titled Tuesday Blitz"]
[Site "Chess.com"]
[Date "2021.04.27"]
[Round "3"]
[White "Susal_De_Silva"]
[Black "TimofeevAr"]
[Result "1/2-1/2"]
[WhiteElo "2620"]
[BlackElo "2826"]
[TimeControl "180+1"]
[EndTime "10:27:29 PDT"]
[Termination "Game drawn by agreement"]

1. e4 d5 2. exd5 Nf6 3. Nc3 Nxd5 4. Nf3 g6 5. Bc4 c6 6. O-O Bg7 7. h3 O-O 8. Re1 Nxc3 9. dxc3 Qxd1 10. Rxd1 Nd7 11.
Bf4 Nc5 12. Be3 Na4 13. Rab1 Bf5 14. Bb3 Nb6 15. g4 Be4 16. Ng5 Bd5 17. Bxb6 Bxb3 18. axb3 axb6 19. Rd7 Rab8 20. Ne4 f5 21. gxf5 gxf5 22.
Ng5 Bf6 23. Ne6 Rfc8 24. Rbd1 Kf7 25. Nd8+ Kg6 26. Nxb7 Ra8 27. Nd8 Ra2 28. Kh1 Rxb2 29. Rg1+ Kh5 30. Ne6 Rxc2 31. Rxe7 Bxe7 32. Ng7+ Kh6 33.
Nxf5+ Kh5 34. Ng7+ Kh6 1/2-1/2

[Event "*** Titled Tuesday Blitz"]
[Site "Chess.com"]
[Date "2021.04.27"]
[Round "3"]
[White "alexgo05"]
[Black "AryanTari"]
[Result "0-1"]
[WhiteElo "2470"]
[BlackElo "2887"]
[TimeControl "180+1"]
[EndTime "10:27:29 PDT"]
[Termination "AryanTari won by resignation"]

1. e4 c6 2. Nc3 d5 3. Nf3 Nf6 4. e5 Ne4 5. Ne2 Qb6 6. d4 e6 7. Ng3 c5 8. Bd3 Nxg3 9. fxg3 Nc6 10. O-O h6 11. Kh1 Bd7 12. dxc5 Bxc5 13. a3 a5 14. b3 O-O 15. c3 f5 16. Bf4 Be7 17. Qd2 Be8 18. Bxh6 gxh6 19. Qxh6 Bf7 20. Ng5 Bxg5 21. Qxg5+ Kh7 22. Rf4 Bg6 23. Rh4+ Kg7 24. Rh6 Nxe5 25.
Re1 Qd8 26. Qf4 Nxd3 27. Rxg6+ Kxg6 28. Rxe6+ Rf6 0-1

[Event "*** Titled Tuesday Blitz"]
[Site "Chess.com"]
[Date "2021.04.27"]
[Round "3"]
[White "FrenchMonster2002"]
[Black "Iskusnyh"]
[Result "0-1"]
[WhiteElo "2386"]
[BlackElo "2602"]
[TimeControl "180+1"]
[EndTime "10:27:29 PDT"]
[Termination "Iskusnyh won on time"]

1. e4 e6 2. d4 d5 3. Nc3 Nf6 4. e5 Nfd7 5. f4 c5 6. Nf3 Nc6 7. Be3 Rb8 8. Qd2 Qa5 9. Be2 b5 10. O-O b4 11. Nd1 Ba6 12. Bxa6 Qxa6 13. Nf2 cxd4 14.
Nxd4 Nxd4 15. Bxd4 Bc5 16. Bxc5 Nxc5 17. f5 Qb6 18. Kh1 exf5 19. Qxd5 O-O 20. Qf3 g6 21. Nh3 Rfe8 22. Rae1 Qb7 23. Qf4 Ne4 24. Ng5 Nxg5 25.
Qxg5 Qc7 26. Rxf5 Qxc2 27. Ref1 Rb7 28. R5f2 Qe4 29. Rf5 Rbe7 30. h4 Rxe5 31. Rxe5 Qxe5 32. Qxe5 Rxe5 33. Rf4 a5 34. a3 Rb5 35. axb4 Rxb4 36.
Rxb4 axb4 37. Kg1 h5 38. Kf2 f6 39. Ke3 g5 40. hxg5 fxg5 41. Ke4 Kg7 42. Kf5 Kh6 43. g3 b3 44. Kf6 h4 45. gxh4 gxh4 46. Ke5 h3 47. Kd4 h2 48. Kc3 h1=Q 49. Kxb3 Qc1 0-1

[Event "*** Titled Tuesday Blitz"]
[Site "Chess.com"]
[Date "2021.04.27"]
[Round "3"]
[White "827883"]
[Black "Caterpiller35"]
[Result "0-1"]
[WhiteElo "2262"]
[BlackElo "2486"]
[TimeControl "180+1"]
[EndTime "10:27:30 PDT"]
[Termination "Caterpiller35 won by resignation"]

1. e4 c5 2. Nf3 Nc6 3. d4 cxd4 4. Nxd4 e5 5. Nb5 d6 6. N1c3 a6 7. Na3 b5 8. Nd5 Nge7 9. c4 Nd4 10. Bd3 Nxd5 11. cxd5 Be7 12. O-O O-O 13. Nc2 Nxc2 14.
Qxc2 Bd7 15. Be3 Qb8 16. b4 Rc8 17. Qb2 Bd8 18. Rfc1 Bb6 19. Bg5 Bd4 20. Qb1 Rxc1+ 21.
Qxc1 Bxa1 22. Qxa1 Qc7 23. Bd2 Rc8 24. h3 Qb6 25. Qb2 h6 26. Be3 Qc7 27. Bd2 Rf8 28.
Qb1 Kh7 29. Kf1 g6 30. g4 h5 31. f3 hxg4 32. hxg4 Kg7 33. Kg2 Rh8 34. Qg1 Qd8 35.
Qf2 Qh4 36. Qxh4 Rxh4 37. Bc3 f5 38. gxf5 gxf5 39. Bd2 f4 40. Bc3 Kf6 41. Be1 Rh8 42.
Bd2 Rg8+ 43. Kf2 Kg5 44. Be2 Kh4 45. Bd3 Kh3 46. Bf1+ Kh2 47. Be1 Bh3 48. Be2 Rg2+ 49. Kf1 Kh1 50. Bh4 Rg4+ 0-1

[Event "*** Titled Tuesday Blitz"]
[Site "Chess.com"]
[Date "2021.04.27"]
[Round "3"]
[White "aljado"]
[Black "Guzman70"]
[Result "0-1"]
[WhiteElo "2040"]
[BlackElo "2291"]
[TimeControl "180+1"]
[EndTime "10:27:30 PDT"]
[Termination "Guzman70 won by resignation"]

1. e4 c5 2. Nf3 d6 3. Nc3 Nf6 4.
e5 dxe5 5. Nxe5 Nbd7 6. d4 Nxe5 7.
dxe5 Qxd1+ 8. Kxd1 Ng4 9. Bb5+ Bd7 10. e6 fxe6 11. Ke2 O-O-O 12. Bxd7+ Rxd7 13. Bf4 g6 14. Nb5 b6 15. Nc3 Bg7 16. Rad1 Bxc3 17. bxc3 Rhd8 18. Rxd7 Rxd7 19. f3 Nf6 20. Rd1 Rxd1 21. Kxd1 Nd5 22. Bd2 c4 23. Ke2 Kd7 24. f4 Kc6 25. Kf3 Nf6 26. g4 h5 27. gxh5 gxh5 28. h3 Kb5 29. Ke3 Ka4 30. Kd4 b5 31. Bc1 a6 32. Bb2 Nd7 33. Bc1 Ka5 34. Ba3 Kb6 35. Bxe7 Kc6 36. a3 Nb6 37. Ke5 Nd5 38. Bb4 Kb6 39. f5 Nxb4 40.
cxb4 exf5 41. Kxf5 Kc6 42. Kg5 Kd5 43. Kxh5 Kd4 44.
Kg4 Kc3 45. h4 Kxc2 46. h5 Kb1 47. h6 c3 48. h7 c2 49. h8=Q c1=Q 50. Qh7+ Ka2 51.
Qh3 Qc8+ 0-1

[Event "*** Titled Tuesday Blitz"]
[Site "Chess.com"]
[Date "2021.04.27"]
[Round "3"]
[White "riospm"]
[Black "seorobert1971"]
[Result "0-1"]
[WhiteElo "2527"]
[BlackElo "2755"]
[TimeControl "180+1"]
[EndTime "10:27:31 PDT"]
[Termination "seorobert1971 won by resignation"]

1. e4 c6 2. d4 d5 3. Nd2 dxe4 4. Nxe4 Nf6 5. Nxf6+ exf6 6. c3 Bd6 7. Bd3 Nd7 8. Ne2 Nf8 9. Bf4 Be6 10. Bxd6 Qxd6 11.
Qd2 Ng6 12. O-O O-O 13. Bxg6 hxg6 14. Qf4 Qd7 15. Rfe1 Rfe8 16. Ng3 a5 17. Re2 Bc4 18. Re3 Rxe3 19. fxe3 f5 20. e4 fxe4 21. Nxe4 Re8 22. a3 Bd5 23. Ng3 b5 24. Rf1 a4 25. h3 f6 26. Rf2 g5 27. Qd2 Re6 28. Re2 Qd6 29.
Nf5 Qd7 30. Ne3 Bb3 31. Nf1 Rxe2 32. Qxe2 Bc4 33. Qe3 Bxf1 34. Kxf1 Qf5+ 35. Kg1 Kf7 36. Qe2 Qe6 37. Qf2 Qe4 38. Kh2 Kg6 39. g3 f5 40.
Kg1 f4 41. Kh2 Kf5 42. g4+ Kg6 43. h4 Kf6 44. hxg5+ Kxg5 45. Kh3 Qd3+ 46. Kh2 Kxg4 0-1

[Event "*** Titled Tuesday Blitz"]
[Site "Chess.com"]
[Date "2021.04.27"]
[Round "3"]
[White "dmitrijiIM"]
[Black "Kale36"]
[Result "1-0"]
[WhiteElo "2568"]
[BlackElo "2271"]
[TimeControl "180+1"]
[EndTime "10:27:31 PDT"]
[Termination "dmitrijiIM won by resignation"]

1. e4 Nc6 2. Nf3 d6 3. d4 Bg4 4.
Be2 e5 5. d5 Nce7 6. O-O Nf6 7.
c3 g6 8. h3 Bd7 9. Nbd2 Bg7 10. Qb3 Rb8 11. Qa3 a6 12. c4 O-O 13. c5 Ne8 14.
Nc4 h6 15. cxd6 cxd6 16. Nxd6 Nc7 17. Nc4 Nb5 18. Qd3 f5 19. Nfxe5 fxe4 20. Qxe4 Bf5 21.
Qe3 Nxd5 22. Qd2 Nf6 23. Qxd8 Rbxd8 24. g4 Nd7 25. Nxd7 Bxd7 26. Be3 Nd4 27. Bxd4 Bxd4 28.
Rad1 Bc6 29. b3 b5 30. Ne3 Bxe3 31. fxe3 Be4 32. Rxf8+ Rxf8 33. Rd6 Kg7 34. Rxa6 b4 35. Rb6 Rd8 36. Rxb4 Rd2 37. Rxe4 Rxe2 38. a4 Rb2 39. a5 Rxb3 40. Ra4 Rb7 41. a6 Ra7 42. e4 Kf6 43.
Kf2 Kg5 44. Kg3 h5 45. Ra5+ Kh6 46. Kf4 hxg4 47. hxg4 g5+ 48. Ke5 Kg6 49. Kd6 Kf6 50.
Kc6 Re7 51. a7 1-0

[Event "*** Titled Tuesday Blitz"]
[Site "Chess.com"]
[Date "2021.04.27"]
[Round "3"]
[White "LazyIM"]
[Black "Arystanner"]
[Result "0-1"]
[WhiteElo "2608"]
[BlackElo "2829"]
[TimeControl "180+1"]
[EndTime "10:27:33 PDT"]
[Termination "Arystanner won by resignation"]

1. e4 c6 2. d4 d5 3. e5 c5 4. dxc5 e6 5. a3 Bxc5 6. b4 Bb6 7. Nf3 Nc6 8. Bd3 f6 9. Bb2 fxe5 10. b5 Nd4 11. Nxe5 Qg5 12. Ng4 e5 13. Ne3 Nf6 14. O-O O-O 15. Nc3 e4 16. Na4 exd3 17. Nxb6 Ne2+ 18. Kh1 axb6 19. Qxd3 Nf4 20. Qd4 Be6 21.
g3 Nh3 22. f4 Qh5 23. Qxb6 Rae8 24. Rae1 Ng4 25. Nxg4 Bxg4 26. Re3 Rxe3 27. Qxe3 Re8 28. Qc3 d4 29. Qb3+ Be6 0-1